Map: [ESL] Altitude

Players

RagnaroK

  • Race: Zerg Zerg
  • Spawn Location: 7:00

herO - Winner!

  • Race: Protoss Protoss
  • Spawn Location: 1:00

VOD

https://youtu.be/UNkN_1y-qfk

Description

Time

  • Played on: July 6, 2023, 7:14 a.m.
  • Length: 9:32
Show
View Real Time Build Order
Export as new Build Order

RagnaroK Zerg 

Build Orders: Hatch First 

Get SALT Encoding   

  12  0:00  Drone  
  13  0:08  Drone  
  14  0:17  Overlord  
  14  0:40  Drone x2  
  14  0:41  Drone  
  17  0:53  Hatchery  
  16  0:57  Drone  
  16  1:03  Drone  
  18  1:11  Extractor  
  17  1:18  Spawning Pool  
  16  1:20  Drone  
  16  1:24  Drone  
  18  1:34  Drone  
  19  1:46  Drone  
  20  1:56  Drone  
  21  2:06  Queen x2  
  21  2:07  Zergling x4  
  27  2:13  Metabolic Boost  
  27  2:19  Overlord  
  27  2:23  Drone  
  28  2:38  Drone x3  
  28  2:39  Drone  
  32  2:54  Drone x2  
  32  2:57  Hatchery  
  33  3:01  Queen  
  33  3:05  Drone  
  36  3:08  Overlord  
  36  3:25  Overlord  
  36  3:26  Queen, Drone x4  
  42  3:30  Drone x2  
  42  3:34  Spore Crawler  
  43  3:39  Drone, Spore Crawler  
  43  3:41  Drone  
  44  3:44  Drone  
  44  3:47  Drone x2  
  47  3:54  Queen, Drone  
  47  3:55  Drone  
  48  4:03  Drone x2  
  51  4:10  Drone x3  
  54  4:19  Zergling x6  
  54  4:21  Overlord x2  
  54  4:24  Overlord  
  57  4:32  Evolution Chamber  
  57  4:35  Overlord  
  57  4:37  Drone x3  
  57  4:39  Drone x2  
  57  4:41  Drone x2, Spore Crawler  
  57  4:42  Drone  
  63  4:48  Drone x3  
  64  4:54  Drone  
  64  4:55  Drone x2  
  64  4:58  Drone x3  
  66  5:03  Extractor, Zerg Melee Weapons Level 1  
  66  5:04  Drone x2  
  65  5:10  Drone x4  
  69  5:17  Hatchery, Zergling x4  
  69  5:20  Drone x3  
  73  5:25  Extractor  
  73  5:27  Overlord  
  72  5:28  Baneling Nest  
  72  5:29  Zergling x4  
  72  5:34  Drone x4  
  74  5:39  Overlord  
  74  5:40  Zergling x6  
  74  5:42  Zergling x2  
  78  5:44  Queen  
  79  5:54  Roach Warren  
  79  5:55  Lair  
  79  5:56  Zergling x8  
  80  6:02  Overlord  
  80  6:05  Zergling x10  
  80  6:08  Overlord  
  81  6:12  Drone x2  
  81  6:15  Drone x3  
  86  6:18  Zergling x6  
  86  6:20  Zergling x2  
  86  6:22  Queen  
  92  6:27  Drone  
  92  6:29  Zergling x8  
  96  6:34  Zergling x2  
  96  6:38  Queen  
  99  6:40  Zergling x10  
  99  6:44  Overlord  
  99  6:46  Zergling x2  
  99  6:47  Zergling x2  
  105  6:52  Overlord  
  105  6:53  Zergling x12  
  110  6:55  Glial Reconstitution  
  110  7:02  Overlord x3  
  110  7:11  Roach  
  110  7:12  Roach x2  
  110  7:13  Roach  
  118  7:18  Roach x5  
  118  7:20  Overlord  
  118  7:22  Overlord  
  125  7:23  Overlord  
  125  7:27  Roach, Zergling x4  
  128  7:31  Zergling x2  
  128  7:32  Zergling x8  
  127  7:41  Zergling x8  
  127  7:44  Roach x4  
  126  7:49  Roach x4  
  126  7:50  Zergling x2  
  132  7:57  Roach x4  
  131  7:58  Roach  
  131  8:01  Roach  
  131  8:02  Roach  
  131  8:03  Roach  
  131  8:04  Roach  
  127  8:07  Roach  
  127  8:08  Roach  
  127  8:09  Zergling x2  
  127  8:11  Roach  
  123  8:12  Roach  
  123  8:14  Roach  
  123  8:16  Zergling x4  
  123  8:17  Zergling x2  
  123  8:18  Zergling x2  
  112  8:20  Roach  
  112  8:21  Zergling x2  
  112  8:22  Zergling x2  
  112  8:23  Zergling x2  
  113  8:28  Roach x2, Zergling x2  
  113  8:31  Zergling x4  
  113  8:32  Roach  
  113  8:33  Zergling x2  
  111  8:38  Roach  
  111  8:39  Roach  
  111  8:40  Roach x2  
  109  8:41  Ravager x2  
  109  8:43  Zergling x2  
  109  8:44  Zergling x2  
  109  8:48  Ravager  
  113  8:49  Roach  
  113  8:51  Queen  
  113  8:53  Roach  
  113  8:55  Roach  
  110  8:58  Roach  
  110  9:01  Roach  
  110  9:02  Roach x2  
  103  9:06  Roach  
  103  9:08  Roach  
  98  9:10  Roach  
  98  9:12  Zergling x2  
  98  9:13  Zergling x2  
Show
View Real Time Build Order
Export as new Build Order

herO Protoss - Winner!

Build Orders: 1 Gate Expand, Oracle Opening 

Get SALT Encoding   

  12  0:00  Probe  
  13  0:12  Probe  
  14  0:19  Pylon  
  14  0:24  Probe  
  15  0:37  Probe (Chrono Boost)  
  16  0:43  Gateway  
  16  0:46  Probe (Chrono Boost)  
  17  0:50  Assimilator  
  17  0:51  Probe  
  18  1:03  Probe  
  19  1:15  Probe  
  20  1:28  Nexus  
  20  1:39  Cybernetics Core  
  20  1:41  Probe  
  21  1:49  Assimilator  
  21  1:53  Probe  
  22  1:57  Pylon  
  22  2:05  Probe  
  23  2:15  Adept  
  25  2:17  Probe (Chrono Boost)  
  25  2:20  Stargate  
  26  2:27  Probe (Chrono Boost), Warp Gate  
  27  2:33  Probe (Chrono Boost)  
  28  2:40  Probe (Chrono Boost)  
  30  2:45  Adept  
  30  2:49  Probe x2 (Chrono Boost)  
  33  2:54  Probe (Chrono Boost)  
  33  2:56  Probe  
  35  3:01  Oracle (Chrono Boost)  
  38  3:06  Probe  
  38  3:08  Probe  
  40  3:12  Gateway  
  40  3:16  Pylon  
  40  3:19  Probe  
  41  3:21  Probe  
  42  3:28  Oracle (Chrono Boost)  
  42  3:31  Probe  
  42  3:33  Probe  
  46  3:43  Probe  
  46  3:45  Probe  
  48  3:55  Probe, Oracle (Chrono Boost)  
  48  3:57  Probe  
  53  4:03  Pylon  
  53  4:06  Nexus  
  53  4:11  Assimilator  
  53  4:13  Assimilator  
  53  4:14  Probe  
  54  4:19  Pylon  
  54  4:21  Probe, Stalker  
  57  4:31  Forge, Twilight Council  
  57  4:33  Probe  
  57  4:37  Probe  
  59  4:39  Adept  
  59  4:43  Pylon  
  59  4:45  Adept  
  63  4:50  Probe x2  
  62  5:02  Probe x2, Blink (Chrono Boost), Oracle, Protoss Ground Weapons Level 1 (Chrono Boost)  
  67  5:14  Probe (Chrono Boost)  
  67  5:15  Probe (Chrono Boost)  
  67  5:20  Probe (Chrono Boost)  
  70  5:25  Probe (Chrono Boost)  
  70  5:26  Probe (Chrono Boost), Gateway  
  70  5:27  Gateway  
  70  5:28  Probe (Chrono Boost)  
  73  5:30  Probe (Chrono Boost)  
  73  5:33  Probe  
  73  5:34  Probe  
  76  5:40  Probe  
  76  5:41  Stalker x2  
  81  5:45  Probe  
  81  5:46  Probe  
  81  5:49  Oracle  
  86  5:51  Gateway  
  86  5:56  Shield Battery  
  84  6:01  Gateway  
  84  6:03  Gateway  
  84  6:06  Gateway  
  84  6:16  Stalker x2  
  88  6:19  Probe, Photon Cannon  
  88  6:24  Probe  
  90  6:26  Pylon, Stalker  
  86  6:33  Oracle  
  89  6:40  Pylon, Stalker x2  
  93  6:49  Pylon  
  93  6:52  Stalker  
  95  6:56  Stalker x2  
  95  6:59  Pylon  
  99  7:03  Stalker x5  
  99  7:05  Pylon  
  108  7:21  Gateway, Stalker x3  
  114  7:29  Stalker x4  
  122  7:30  Stalker  
  122  7:34  Pylon  
  118  7:47  Stalker x3  
  114  7:58  Stalker  
  114  7:59  Zealot, Stalker x3  
  97  8:16  Stalker x4  
  97  8:18  Probe x3  
  97  8:19  Zealot  
  100  8:24  Zealot x4, Assimilator  
  100  8:25  Assimilator  
  108  8:31  Probe x2  
  108  8:32  Probe  
  107  8:39  Stalker x5  
  115  8:45  Zealot, Stalker  
  115  8:46  Zealot  
  99  9:12  Stalker x6  
  99  9:14  Zealot x3  
  115  9:22  Nexus  
Tags
 
Add a new tag
Caveats
  • Supply blocks, unpowered buildings, or Contaminate may cause inaccurate times.
  • Supply counts are checked every 10 seconds.